 Dungeon Crawl Stone Soup version 0.27.1 (webtiles) character file.

Game seed: 18116527503889610455

987 Atelerd the Magician (level 8, -2/46 HPs)
             Began as an Octopode Earth Elementalist on Sept 1, 2021.
             Was an Initiate of Sif Muna.
             Slain by a bullfrog (9 damage)
             ... on level 4 of the Dungeon.
             The game lasted 00:08:48 (5511 turns).

Atelerd the Magician (Octopode Earth Elementalist)  Turns: 5511, Time: 00:08:48

Health: -2/46      AC:  1    Str:  7    XL:     8   Next: 18%
Magic:  13/18      EV: 13    Int: 19    God:    Sif Muna [......]
Gold:   137        SH:  5    Dex: 13    Spells: 14/20 levels left

rFire    . . .     SeeInvis .   g - +0 dagger (vamp)
rCold    . . .     Faith    .   (no shield)
rNeg     . . .     Spirit   .   (helmet restricted)
rPois    .         Reflect  +   n - amulet of reflection
rElec    .         Harm     .   (no ring)
rCorr    .         Rampage  .   (no ring)
Will     .....                  (no ring)
Stlth    ++++......             (no ring)
HPRegen  0.15/turn              (no ring)
MPRegen  0.16/turn              (no ring)
                                (no ring)
                                (no ring)

@: very slightly contaminated, hasted, very quick
A: almost no armour, amphibious, 8 rings, camouflage 1, gelatinous body 1,
(nimble swimmer 1), tentacles
a: Renounce Religion


You were on level 4 of the Dungeon.
You worshipped Sif Muna.
Sif Muna was noncommittal.
You visited 2 branches of the dungeon, and saw 5 of its levels.
You also visited: Sewer.

You collected 137 gold pieces.

Inventory:

Hand Weapons
 e - a +0 dagger
 g - a +0 vampiric dagger (weapon)
Missiles
 b - 136 stones
Jewellery
 a - a ring of fire
 n - an amulet of reflection (around mantle)
Scrolls
 c - a scroll of vulnerability
 f - 2 scrolls of noise
 j - 2 scrolls of summoning
 k - 2 scrolls of brand weapon {unknown}
 l - 2 scrolls of teleportation
 m - a scroll of fog {unknown}
 q - a scroll of enchant weapon {unknown}
Potions
 d - a potion of lignification {unknown}
 h - a potion of cancellation {unknown}
 i - 2 potions of curing {unknown}
 o - a potion of berserk rage {unknown}


   Skills:
 - Level 2.0 Dodging
 - Level 5.0 Stealth
 + Level 6.8 Spellcasting
 - Level 3.0 Transmutations
 - Level 5.0 Earth Magic


You had 14 spell levels left.
You knew the following spells:

 Your Spells              Type           Power      Damage    Failure   Level
a - Sandblast             Erth           50%        2d12      1%          1
b - Animate Skeleton      Necr           12%        N/A       11%         1
p - Petrify               Tmut/Erth      21%        N/A       21%         4

Your spell library contained the following spells:

 Spells                   Type           Power      Damage    Failure   Level
 Passwall                 Tmut/Erth      17%        N/A       3%          2
 Pain                     Necr           24%        1d5       11%         1
 Stone Arrow              Conj/Erth      30%        3d8       11%         3
 Slow                     Hex            6%         N/A       16%         2
 Confusing Touch          Hex            6%         N/A       30%         3
 Vampiric Draining        Necr           3%         2d6       30%         3
 Yara's Violent Unravell  Hex/Tmut       6%         3d5       83%         5


Dungeon Overview and Level Annotations

Branches:
Dungeon (4/15)             Temple (1/1) D:4           Sewer (visited)

Altars:
Cheibriados
Dithmenos
Elyvilon
Gozag
Hepliaklqana
Makhleb
Nemelex Xobeh
Okawaru
Ru
Sif Muna
Trog
Uskayaw
Vehumet
Xom
The Shining One

Annotations:
D:4 2 runed translucent doors


Innate Abilities, Weirdness & Mutations

You cannot wear most types of armour.
You are amphibious.
You can wear up to eight rings at the same time.
Your skin changes colour to match your surroundings (Stealth+).
Your rubbery body absorbs attacks. (AC +1, EV +1)
((You are camouflaged near water. (Stealth+)))
You have tentacles for arms and can constrict up to eight enemies at once.


Message History

Casting: Petrify (quite dangerous; 21% risk of failure)
Confirm with . or Enter, or press ? or * to list all spells.
The spell is quite dangerous to cast (21% risk of failure)!
Continue anyway?
Aiming: Petrify (quite dangerous; 21% risk of failure)
Press: ? - help, Shift-Dir - straight line, f - centaur
Aim: a centaur, wielding a +0 shortbow and quivering arrows (chance to affect: 50%)
You miscast Petrify.
You are very lightly contaminated with residual magic.
Sand pours from your tentacles.
The centaur shoots an arrow.
The arrow hits you!
Unknown command.
The centaur unwields a +0 shortbow.
The centaur hits you. The centaur kicks you.
There is a large open translucent door here.
Casting: Petrify (quite dangerous; 21% risk of failure)
Confirm with . or Enter, or press ? or * to list all spells.
Aiming: Sandblast (safe; 1% risk of failure)
Press: ? - help, Shift-Dir - straight line, f/p - centaur
Aim: a centaur, quivering arrows (88% to hit)
The blast of sand hits the centaur!
The centaur is heavily wounded.
The centaur hits you.
* * * LOW HITPOINT WARNING * * *
The centaur kicks you.
* * * LOW HITPOINT WARNING * * *
The bullfrog closely misses you. The centaur completely misses you.
The centaur barely misses you.
Unknown command.
Okay, then.
Unknown command.
You feel yourself speed up. The bullfrog barely misses you.
The centaur barely misses you. The centaur kicks you.
* * * LOW HITPOINT WARNING * * *
Okay, then.
As you read the scroll of summoning, it crumbles to dust.
Wisps of shadow whirl around you... You block the bullfrog's attack.
The centaur misses you. The centaur kicks you.
* * * LOW HITPOINT WARNING * * *
The bullfrog hits you!
You die...

# ### ########## ..# ##........##
#.## ##..######..# #..#
#######..##....##.#### ...#
#..l.J...#.####.#.##.. #..#
##........#..#.#.#.#... #..#
#..##'@##.)|#.##.#..... ...#
##.##8Fc8#######..#....[ #..#
#..#8r...8# #)...##..... ..#####
#..#[....}# ######......
.....[####.)#[....?# ######......
.....).....)#8....8# #|.#.##.....
...).##.###.##8..8#####)##.#.#...
...).##.###..##++##.'.##.#.#.....
.....##.............##†#...#.##.#


You could see a bullfrog (ally target), a centaur (ally target), a friendly
iguana (summoned), a friendly endoplasm (summoned) and a friendly quokka
(summoned).

Vanquished Creatures
  Sigmund (D:4)
  A water moccasin (Sewer)
  A black bear (D:4)
  2 ogres (D:4)
  A centaur (D:4)
  A kobold brigand (D:4)
  A scorpion (D:4)
  An orc priest (D:4)
  A jelly (D:4)
  Robin (D:2)
  9 adders
  A gnoll (D:4)
  A river rat (D:3)
  3 worms
  2 dart slugs
  3 orcs
  5 ball pythons
  5 bats
  3 endoplasms
  3 giant cockroaches
  19 goblins
  8 hobgoblins
  2 jackals (Sewer)
  11 kobolds
  4 quokkas
  3 frilled lizards (D:1)
  9 rats
102 creatures vanquished.

Notes
Turn   | Place    | Note
-------+----------+-------------------------------------------
     0 | D:1      | Atelerd the Octopode Earth Elementalist began the quest for
                  | the Orb.
     0 | D:1      | Reached XP level 1. HP: 11/11 MP: 3/3
   548 | D:1      | Reached XP level 2. HP: 17/17 MP: 5/5
  1257 | D:2      | Reached XP level 3. HP: 14/21 MP: 4/6
  1398 | D:2      | Noticed Robin
  1422 | D:2      | HP: 1/21 [hobgoblin[Robin] (2)]
  1672 | D:3      | Found a sacrificial altar of Ru.
  1689 | D:3      | Found a shadowy altar of Dithmenos.
  1821 | D:3      | Found a white marble altar of Elyvilon.
  1835 | D:3      | Reached XP level 4. HP: 10/27 MP: 0/8
  1854 | D:3      | Found a glowing drain.
  1921 | Sewer    | Entered a sewer
  2125 | Sewer    | Noticed a water moccasin
  2140 | Sewer    | Learned a level 4 spell: Petrify
  2152 | Sewer    | Killed a water moccasin
  2153 | Sewer    | Reached skill level 3 in Spellcasting
  2153 | Sewer    | Reached XP level 5. HP: 13/31 MP: 0/10
  2425 | D:3      | Found a burning altar of Makhleb.
  3194 | D:4      | Noticed Sigmund
  3211 | D:4      | Killed Sigmund
  3212 | D:4      | Reached skill level 4 in Spellcasting
  3212 | D:4      | Reached skill level 5 in Earth Magic
  3212 | D:4      | Reached XP level 6. HP: 36/36 MP: 1/12
  3605 | D:2      | Killed Robin
  4063 | D:2      | Learned a level 1 spell: Animate Skeleton
  4316 | D:4      | Found a large runed translucent door.
  4316 | D:4      | Found a large runed translucent door.
  4326 | D:4      | Reached XP level 7. HP: 41/41 MP: 10/13
  4358 | D:4      | Found a large runed translucent door.
  4358 | D:4      | Found a large runed translucent door.
  4376 | D:4      | Reached skill level 5 in Stealth
  4432 | D:4      | Found an iron altar of Okawaru.
  4551 | D:4      | Found a staircase to the Ecumenical Temple.
  4590 | Temple   | Entered the Ecumenical Temple
  4659 | Temple   | Became a worshipper of Sif Muna the Loreminder
  4685 | D:4      | Reached skill level 5 in Spellcasting
  5250 | D:4      | Reached skill level 6 in Spellcasting
  5350 | D:4      | Reached XP level 8. HP: 38/46 MP: 7/17
  5511 | D:4      | Slain by a bullfrog

Illustrated notes

Levels and vault maps discovered:
D:1:      dpeg_arrival_snail, layout_loops_corners, roderic_roman_lattice,
          kennysheep_decorative_pillar
D:2:      layout_basic, uniq_robin
D:3:      layout_loops_cross, nicolae_dithmenos_shadow_blocks,
          nicolae_ru_path_of_blood, mainiacjoe_overflow_catwalk_spiral,
          portal_sewer_entry_b
D:4:      layout_rooms, okawaru_gym_becter, minmay_temple_entry_glass,
          grunt_decor_fettered, amcnicky_mini_corridor_feature,
          minmay_hollow_rounded_squares, uniq_sigmund
Temple:   zaba_magenta_temple

Skill      XL: |  1  2  3  4  5  6  7 |
---------------+----------------------+-----
Transmutations | 2 3 |  3.0
Spellcasting   | 3 4 6 |  6.8
Earth Magic    | 4 5 |  5.0
Stealth        | 3 4 5 |  5.0
Dodging        | |  2.0

Action                   |  1- 3 |  4- 6 |  7- 9 || total
-------------------------+-------+-------+-------++-------
Melee: Unarmed           |    11 |       |       ||    11
       Constrict         |    11 |    18 |     6 ||    35
       Tentacles         |     8 |    13 |     7 ||    28
       Dagger            |    29 |    58 |    39 ||   126
 Cast: Sandblast         |    19 |    40 |    24 ||    83
       Petrify           |       |     3 |     5 ||     8
  Use: Scroll            |     2 |       |     3 ||     5
       Potion            |     1 |       |     1 ||     2
 Stab: Sleeping          |     9 |     8 |     7 ||    24
       Petrified         |       |     4 |     8 ||    12
       Petrifying        |       |       |     1 ||     1
Armor: Skin              |     5 |     4 |       ||     9
Dodge: Dodged            |    30 |    69 |    20 ||   119
Block: Other             |       |     1 |     8 ||     9
